 Dungeon Crawl Stone Soup version 0.29-a0-920-g5d2155ec51 (webtiles) character file.

Game seed: 17778122563535344778

140 Ajdolov the Cudgeller (level 5, -4/27 HPs)
             Began as a Vine Stalker Fighter on July 27, 2022.
             Killed by divine providence
             ... invoked by an orc priest
              (7 damage)
             ... on level 4 of the Dungeon.
             The game lasted 00:03:01 (2892 turns).

Ajdolov the Cudgeller (Vine Stalker Fighter)        Turns: 2892, Time: 00:03:02

Health: -4/27      AC: 11    Str: 21    XL:     5   Next: 22%
Magic:  0/6        EV:  5    Int:  8    God:
Gold:   149        SH:  4    Dex: 13    Spells: 4/4 levels left

rFire   . . .      SeeInvis .   i - +0 whip
rCold   . . .      Faith    .   c - +0 buckler
rNeg    . . .      Spirit   +   g - +0 plate armour
rPois   .          Reflect  .   (no helmet)
rElec   .          Harm     .   (no cloak)
rCorr   .          Rampage  .   (no gloves)
Will    .....                   (no boots)
Stlth   ..........              e - amulet of magic regeneration
HPRegen 0.89/turn               (no ring)
MPRegen 0.50/turn               (no ring)

@: no status effects
A: fangs 2, regeneration 1, magic shield, antimagic bite, no potion heal 2
a: no special abilities


You were on level 4 of the Dungeon.
You visited 1 branch of the dungeon, and saw 4 of its levels.

You collected 149 gold pieces.

Inventory:

Hand Weapons
 a - a +0 flail
 i - a +0 whip (weapon)
Armour
 c - a +0 buckler (worn)
 g - a +0 plate armour (worn)
Jewellery
 e - an amulet of magic regeneration (around neck)
Wands
 q - a wand of flame (13)
 r - a wand of iceblast (5)
Scrolls
 f - 3 scrolls of poison {unknown}
 h - a scroll of immolation {unknown}
 k - a scroll of torment {unknown}
 m - a scroll of teleportation {unknown}
 o - a scroll of magic mapping {unknown}
 p - a scroll of identify {unknown}
Potions
 b - a potion of berserk rage {unknown}
 d - a potion of might
 j - 2 potions of haste {unknown}
 l - a potion of invisibility {unknown}
 n - 2 potions of attraction {unknown}
 s - a potion of curing {unknown}


   Skills:
 - Level 2.6 Fighting
 + Level 4.8 Maces & Flails
 - Level 2.4 Armour
 - Level 2.6 Shields


You had 4 spell levels left.
You didn't know any spells.
Your spell library contained the following spells:

 Spells                   Type           Power      Damage    Failure   Level
 Shock                    Conj/Air       0%         1d3       100%        1
 Swiftness                Air            0%         N/A       100%        3
 Airstrike                Air            0%         0-1+      100%        4


Dungeon Overview and Level Annotations

Branches:
Dungeon (4/15)             Temple (0/1) D:4

Altars:


Innate Abilities, Weirdness & Mutations

You have extremely sharp teeth.
Your natural rate of healing is unusually fast.
When hurt, damage is shared between your health and your magic reserves.
Your bite disrupts and absorbs the magic of your enemies.
Potions cannot restore your health.


Message History

You barely miss the orc priest.
You bite the orc priest, but do no damage.
The orc priest is moderately wounded.
The orc priest hits you but does no damage.
You barely miss the orc priest.
You bite the orc priest, but do no damage.
The orc priest is moderately wounded.
The orc priest miscasts a cantrip.
You hit the orc priest.
The orc priest is heavily wounded.
The orc priest mumbles some strange prayers to Beogh against you.
Beogh smites you!
* * * LOW HITPOINT WARNING * * *
You barely miss the orc priest.
The orc priest is heavily wounded.
The orc priest hits you but does no damage.
You hit the orc priest but do no damage.
You bite the orc priest, but do no damage.
The orc priest is heavily wounded.
The orc priest looks satisfied for a moment.
You barely miss the orc priest. Your bite misses the orc priest.
The orc priest is heavily wounded.
You block the orc priest's attack.
You closely miss the orc priest.
The orc priest is heavily wounded.
The orc priest hits you but does no damage.
You hit the orc priest but do no damage.
The orc priest is heavily wounded.
You block the orc priest's attack.
You whack the orc priest!
You bite the orc priest, but do no damage.
The orc priest is almost dead.
The orc priest mumbles some strange prayers to Beogh against you.
Beogh smites you!
* * * LOW HITPOINT WARNING * * *
You hit the orc priest but do no damage.
The orc priest is almost dead.
The orc priest invokes the aid of Beogh against you.
Beogh smites you!
You die...

# .#+# #> ..$#
#.#######..#
#.o........###
#@.........#
#..........# ###
#.!........# #..
#..........#####..
#######........#..
#........#..
#........#..
#########........#..
..........>......#..


You could see an orc priest.

Vanquished Creatures
  A phantom (D:3)
  An adder (D:3)
  2 worms (D:2)
  6 ball pythons
  5 endoplasms
  3 giant cockroaches
  5 goblins
  4 hobgoblins
  2 quokkas
  6 bats
  3 frilled lizards (D:2)
  5 kobolds
  3 rats
46 creatures vanquished.

Notes
Turn   | Place    | Note
-------+----------+-------------------------------------------
     0 | D:1      | Ajdolov the Vine Stalker Fighter began the quest for the
                  | Orb.
     0 | D:1      | Reached XP level 1. HP: 11/11 MP: 2/2
   140 | D:1      | Reached skill level 2 in Maces & Flails
   223 | D:1      | Reached XP level 2. HP: 15/16 MP: 3/3
   992 | D:2      | Found a faded altar of an unknown god.
  1201 | D:2      | Reached skill level 3 in Maces & Flails
  1221 | D:2      | Reached XP level 3. HP: 19/19 MP: 4/4
  2219 | D:3      | Gained mutation: Your natural rate of healing is unusually
                  | fast. [Vine Stalker growth]
  2219 | D:3      | Reached XP level 4. HP: 22/23 MP: 3/5
  2332 | D:3      | Identified the +1 leather armour of Ru's Favour {rC++ rCorr
                  | Int-2 SInv}
  2516 | D:3      | Noticed a phantom
  2718 | D:3      | Killed a phantom
  2719 | D:3      | Reached skill level 4 in Maces & Flails
  2719 | D:3      | Reached XP level 5. HP: 24/27 MP: 6/6
  2875 | D:4      | Found a staircase to the Ecumenical Temple.
  2892 | D:4      | Killed from afar by an orc priest

Illustrated notes

Levels and vault maps discovered:
D:1:      lemuel_arrival_muddy, layout_basic, minmay_pentomino_q4
D:2:      layout_basic, nicolae_ecumenical_oubliette
D:3:      layout_basic
D:4:      layout_basic, dreamdust_divine_triumvirate,
          minmay_temple_entry_proselytizer, roderic_lattice_a

Skill      XL: |  1  2  3  4 |
---------------+-------------+-----
Maces & Flails | 2 3 4 |  4.8
Fighting       | |  2.6
Armour         | |  2.4
Shields        | |  2.6

Action                   |  1- 3 |  4- 6 || total
-------------------------+-------+-------++-------
Melee: Flail             |    81 |       ||    81
       Bite              |    19 |    12 ||    31
       Whip              |    40 |    51 ||    91
Armor: Scale mail        |    21 |       ||    21
       Plate armour      |    65 |    21 ||    86
Dodge: Dodged            |    45 |     5 ||    50
Block: Buckler           |    24 |     8 ||    32

Table legend: (Time is in decaauts)
 A = Elapsed time spent in this place.
 B = Non-inter-level travel time spent in this place.
 C = Inter-level travel time spent in this place.
 D = Time resting spent in this place.
 E = Time spent auto-exploring this place.
 F = Levels seen in this place.
 G = Mean time per level.
                   A        B        C        D        E       F      G
               +--------+--------+--------+--------+--------+-----+--------+
         Total |   2914 |   2779 |    135 |     29 |   2237 |   4 |  728.5 |
       Dungeon |   2914 |   2779 |    135 |     29 |   2237 |   4 |  728.5 |
               +--------+--------+--------+--------+--------+-----+--------+

Top non-repeatable levels by time:
     D:1: 1046 daAuts
     D:2: 993 daAuts
     D:3: 796 daAuts
     D:4: 77 daAuts
